 Dungeon Crawl Stone Soup version 0.29-a0-322-g68df515428 (webtiles) character file.

Game seed: 18356519104092340100

5 spaghetti the Sneak (level 1, -7/14 HPs)
             Began as a Tengu Delver on Apr 9, 2022.
             Killed from afar by a white imp (11 damage)
             ... with a puff of frost
             ... on level 6 of the Dungeon.
             The game lasted 00:00:24 (51 turns).

spaghetti the Sneak (Tengu Delver)                    Turns: 51, Time: 00:00:24

Health: -7/14      AC:  3    Str: 12    XL:     1   Next: 80%
Magic:  2/2        EV: 12    Int: 10    God:
Gold:   8          SH:  0    Dex: 15    Spells: 0/0 levels left

rFire   . . .      SeeInvis .   a - +0 falchion {long}
rCold   . . .      Faith    .   (no shield)
rNeg    . . .      Spirit   .   b - +0 leather armour
rPois   .          Reflect  .   (helmet restricted)
rElec   .          Harm     .   (no cloak)
rCorr   .          Rampage  .   (no gloves)
Will    .....                   (boots unavailable)
Stlth   +++.......              (no amulet)
HPRegen 0.04/turn               (no ring)
MPRegen 0.08/turn               (no ring)

@: lethally poisoned (-7 -> -11)
A: beak, talons 3
a: no special abilities


You were on level 6 of the Dungeon.
You visited 1 branch of the dungeon, and saw 2 of its levels.

You collected 8 gold pieces.


Innate Abilities, Weirdness & Mutations

You have a beak for a mouth.
You have claws for feet.


   Skills:
 - Level 3.0 Fighting
 + Level 2.5 Long Blades
 + Level 2.5 Dodging
 - Level 5.0 Stealth


You couldn't memorise any spells.
You didn't know any spells.
Your spell library was empty.

Inventory:

Hand Weapons
 a - a +0 falchion (weapon) {long}
Armour
 b - a +0 leather armour (worn)
Wands
 g - a wand of digging (3)
Scrolls
 c - a scroll of fog
 d - a scroll of magic mapping {!r}
 e - a scroll of fear
Potions
 f - a potion of haste {@q3}

Dungeon Overview and Level Annotations

Branches:
Dungeon (6/15)
 Temple: D:4-7

Altars:

##.#......
##......... .
##......... ..
..........# ...
..........#
..:.
..........##
....
...........#..#
.......5S.<..#
.......@S$.###
####..#../....#
#... ######....
##^ ..## # .#
.. ..


You could see 2 adders and a white imp.


Message History

Unknown command.
You now have 8 gold pieces.
h - a sapphire potion An ufetubus comes into view.
The ufetubus shouts!
A hound comes into view.
You see here a scroll labelled ICASUTR IMOTA.
There are monsters nearby!
There are monsters nearby!
The ufetubus closely misses you. x2
The ufetubus closely misses you. The ufetubus hits you. 😕 HP[-3]
You take 3 damage, and now have 11/14 hp.
MASSIVE DAMAGE!! (PAUSE)
There is a stone staircase leading down here.
The ufetubus misses you. The ufetubus hits you.
The ufetubus closely misses you.
The ufetubus hits you but does no damage.
You climb downwards.
There is a stone staircase leading up here. 😮 HP[-3]
You take 3 damage, and now have 8/14 hp.
MASSIVE DAMAGE!! (PAUSE) Unknown command.
You barely miss the ufetubus.
The adder hisses angrily.
The ufetubus barely misses you. The ufetubus misses you.
You hit the ufetubus.
The ufetubus hits you but does no damage.
The ufetubus barely misses you. The ufetubus closely misses you.
The ufetubus barely misses you.
You hit the ufetubus.
You kill the ufetubus!
It was a potion of ambrosia.
You are confused.
You feel invigorated. 😕 HP[+3]
You regained 3 hp, and now have 11/14 hp.
Unknown command.
Unknown command.
The adder attacks as you move away! The adder barely misses you.
A white imp comes into view.
The white imp shouts!
You hear an angry hiss. 😎 HP[+3]
Your hp is fully restored (14).
Unknown command.
Unknown command.
Unknown command.
You hit the adder. Your peck misses the adder. The adder misses you.
An adder comes into view.
The adder hisses angrily.
The adder misses you.
Unknown command.
You're too confused to move!
The white imp lashes its tail.
The adder bites you. 😕 HP[-1]
You take 1 damage, and now have 13/14 hp.
You feel less invigorated.
You feel less confused. 😎 HP[+1]
Your hp is fully restored (14).
Unknown command.
Unknown command.
You barely miss the adder. Your kick misses the adder. The adder bites you.
The adder closely misses you. 😕 HP[-1]
You take 1 damage, and now have 13/14 hp.
You miss the adder.
The adder bites you but does no damage. x2
The white imp barely misses you.
You closely miss the adder. The adder misses you. The adder barely misses you.
The adder misses you. The white imp closely misses you.
The adder bites you but does no damage.
You hit the adder. Your kick misses the adder. The adder barely misses you. x2
The white imp laughs crazily.
The white imp closely misses you. 😎 HP[+1]
Your hp is fully restored (14).
You completely miss the adder. Your kick misses the adder.
Your peck misses the adder. The adder barely misses you. The adder bites you.
The adder barely misses you. The white imp closely misses you.
The adder barely misses you. 😕 HP[-1]
You take 1 damage, and now have 13/14 hp.
You completely miss the adder. The adder bites you.
You are poisoned.
The adder poisons you! The white imp hits you. The white imp freezes you.
* * * LOW HITPOINT WARNING * * *
The adder closely misses you. x2 😨 HP[-7]
You take 7 damage, and now have 6/14 hp.
MASSIVE DAMAGE!! (PAUSE) Unknown command.
You closely miss the adder. Your peck misses the adder.
* * * LOW HITPOINT WARNING * * *
You feel sick. The adder closely misses you. The white imp gestures at you.
The puff of frost hits you!
Ouch! That really hurt!
You die...

Action                   || total
-------------------------++-------
Melee: Falchion          ||    11
  Use: Potion            ||     1
Armor: Leather armour    ||     5
Dodge: Dodged            ||    29

Levels and vault maps discovered:
D:5:      layout_loops_ring, fiery_altar_vehumet
D:6:      layout_cave_pools, kennysheep_boxes

Notes
Turn   | Place    | Note
-------+----------+-------------------------------------------
     0 | D:5      | spaghetti the Tengu Delver began the quest for the Orb.
     0 | D:5      | Reached XP level 1. HP: 14/14 MP: 2/2
     0 | D:5      | magus.rc [v1.9.6]
    24 | D:5      | Noticed a hound
    51 | D:6      | Killed from afar by a white imp

Vanquished Creatures
  An ufetubus (D:6)
1 creature vanquished.

Table legend:
 A = Non-vault XP
 B = Vault XP
 C = Vault XP percentage of total XP
 D = Non-vault monster count
 E = Vault monster count
 F = Vault count percentage of total count
                 A         B        C        D         E       F
            +---------+---------+-------+---------+---------+-------
      Total |       8 |       0 |   0.0 |       1 |       0 |   0.0
            +---------+---------+-------+---------+---------+-------
        D:6 |       8 |       0 |   0.0 |       1 |       0 |   0.0
            +---------+---------+-------+---------+---------+-------

Illustrated notes

Table legend:
 A = Kills in this place as a percentage of kills in entire the game.
 B = Kills by you in this place as a percentage of kills by you in the entire game.
 C = Kills by friends in this place as a percentage of kills by friends in the entire game.
 D = Other kills in this place as a percentage of other kills in the entire game.
 E = Experience gained in this place as a percentage of experience gained in the entire game.
 F = Experience gained in this place divided by the number of levels of this place that you have seen.
                   A       B       C       D       E      F
               +-------+-------+-------+-------+-------+----------------------
         Total | 100.0 | 100.0 |   N/A |   N/A | 100.0 |   4.0
       Dungeon | 100.0 | 100.0 |   N/A |   N/A | 100.0 |   4.0
               +-------+-------+-------+-------+-------+----------------------

Table legend: (Time is in decaauts)
 A = Elapsed time spent in this place.
 B = Non-inter-level travel time spent in this place.
 C = Inter-level travel time spent in this place.
 D = Time resting spent in this place.
 E = Time spent auto-exploring this place.
 F = Levels seen in this place.
 G = Mean time per level.
                   A        B        C        D        E       F      G
               +--------+--------+--------+--------+--------+-----+--------+
         Total |     52 |     52 |      0 |      0 |     23 |   2 |   26.0 |
       Dungeon |     52 |     52 |      0 |      0 |     23 |   2 |   26.0 |
               +--------+--------+--------+--------+--------+-----+--------+

Top non-repeatable levels by time:
     D:5: 35 daAuts
     D:6: 17 daAuts
